 Dungeon Crawl Stone Soup version 0.22-a0-268-g1cc83ef (webtiles) character file.

645816 Serpenta the Cutthroat (level 27, -8/221 (224) HPs)
             Began as a Vampire Enchanter on Mar 6, 2018.
             Was the Champion of Dithmenos.
             Mangled by a death cob (12 damage)
             ... on level 5 of the Realm of Zot on Mar 9, 2018.
             The game lasted 04:41:42 (72127 turns).

Serpenta the Cutthroat (Vampire Enchanter)         Turns: 72127, Time: 04:41:43

HP:   -8/221 (224)  AC: 16    Str:  7    XL:     27
MP:   37/37         EV:  2    Int: 33    God:    Dithmenos [******]
Gold: 6047          SH:  0    Dex: 27    Spells: 21/46 levels left

rFire    + + +     SeeInvis +   b - +11 rapier of Purpose {pierce, Int+2}
rCold    + + .     Gourm    +   t - +0 shield "Earthly Heaven" {+Blink}
rNeg     + + +     Faith    .   K - +2 robe {rC+ rF+}
rPois    ∞         Spirit   .   A - +1 hat {SInv}
rElec    +         Reflect  .   j - +2 cloak {rF+}
rCorr    +         Harm     .   P - +2 pair of gloves of the Wumpus {Int+2}
MR       +++++                  Q - +0 pair of boots
Stlth    ++++++....             Z - amulet "Heikadgh" {Gourm Slay+2}
HPRegen  0.46/turn              O - +4 ring of protection
MPRegen  0.25/turn              v - ring of the Mage {Wiz MR++ Int+3}

@: brilliant, agile, about to teleport, resistant, petrified, hasted and slowed,
wreathed by umbra
A: fangs 3, horns 1, see invisible, clumsy 1, magic resistance 1, mutation
resistance 1, poison resistance, unbreathing, MP-powered wands
0: Orb of Zot
}: 3/15 runes: serpentine, barnacled, silver
a: Bat Form, Shadow Step, Shadow Form, Renounce Religion, Evoke Blink


You were on level 5 of the Realm of Zot.
You worshipped Dithmenos.
Dithmenos was exalted by your worship.
You were not thirsty.

You visited 10 branches of the dungeon, and saw 52 of its levels.
You visited 2 bazaars.
You also visited: Ossuary and Volcano.

You collected 7449 gold pieces.
You spent 1402 gold pieces at shops.


Innate Abilities, Weirdness & Mutations

You have razor-sharp teeth.
You have supernaturally acute eyesight. (SInv)
You can survive without breathing.
You have a pair of small horns on your head.
You are clumsy. (Dex -2)
You are resistant to hostile enchantments. (MR+)
You are somewhat resistant to further mutation.
Your system is resistant to poisons. (rPois)
You expend magic power (3 MP) to strengthen your wands.


   Skills:
 + Level 20.2 Fighting
 + Level 24.8 Short Blades
 - Level 24.6 Dodging
 - Level 20.0 Stealth
 - Level 15.0 Shields
 - Level 10.0 Spellcasting
 - Level 16.0 Hexes
 - Level 10.0 Earth Magic
 - Level 10.0 Invocations
 - Level 9.0 Evocations


You had 21 spell levels left.
You knew the following spells:

 Your Spells              Type           Power        Failure   Level  Hunger
a - Apportation           Tloc           #####.       1%          1    None
i - Invisibility          Hex            #######.     1%          6    #####..
A - Confuse               Hex            #######.     0%          3    None
B - Ensorcelled Hibernat  Hex/Ice        ######       1%          2    None
C - Tukima's Dance        Hex            #######.     0%          3    None
D - Passwall              Tmut/Erth      ######....   1%          2    None
E - Dispel Undead         Necr           #####...     9%          5    ###....
F - Lesser Beckoning      Tloc           #####.....   1%          3    None

Action                   |  1- 3 |  4- 6 |  7- 9 | 10-12 | 13-15 | 16-18 | 19-21 | 22-24 | 25-27 || total
-------------------------+-------+-------+-------+-------+-------+-------+-------+-------+-------++-------
Melee: Dagger            |    89 |   133 |   211 |   230 |   880 |   369 |       |       |       ||  1912
       Bite              |     4 |    11 |    14 |    14 |    63 |    86 |   142 |   308 |   221 ||   863
       Rapier            |       |       |       |       |    18 |   588 |  1308 |  1919 |  1372 ||  5205
       Headbutt          |       |       |       |       |       |       |       |       |     6 ||     6
Throw: Tomahawk          |       |     5 |     7 |     1 |     3 |       |       |    15 |    12 ||    43
       Throwing net      |       |     2 |       |       |       |       |       |       |       ||     2
 Cast: Corona            |     1 |       |       |       |       |       |       |       |       ||     1
       Ensorcelled Hiber |    32 |    49 |    75 |    66 |   202 |   233 |   161 |   147 |    77 ||  1042
       Confuse           |       |    13 |    19 |    39 |    51 |    45 |    36 |    62 |    36 ||   301
       Tukima's Dance    |       |       |     4 |     2 |    13 |    15 |    30 |    15 |     2 ||    81
       Passwall          |       |       |       |       |    20 |     1 |    53 |    18 |    26 ||   118
       Invisibility      |       |       |       |       |    19 |    20 |    27 |    25 |    27 ||   118
       Apportation       |       |       |       |       |       |       |     4 |     1 |     1 ||     6
       Dispel Undead     |       |       |       |       |       |       |       |     6 |    11 ||    17
Invok: Shadow Step       |       |       |       |     2 |     5 |     6 |     9 |     7 |     7 ||    36
 Abil: End Transformatio |       |       |       |       |     2 |     3 |       |       |       ||     5
       Bat Form          |       |       |       |       |     2 |     3 |       |       |       ||     5
       Evoke Blink       |       |       |       |       |       |       |       |     2 |     3 ||     5
Evoke: Wand              |       |       |       |       |     5 |       |       |     6 |       ||    11
       Phial of floods   |       |       |       |       |       |       |       |     2 |       ||     2
  Use: Scroll            |     2 |     3 |    16 |     4 |    13 |    13 |    12 |    12 |    18 ||    93
       Potion            |     4 |     5 |     3 |     2 |     4 |    24 |    27 |    50 |    33 ||   152
 Stab: Sleeping          |    25 |    41 |    68 |    76 |   245 |   180 |   269 |   185 |   137 ||  1226
       Confused          |       |     5 |    11 |    13 |    25 |    38 |    26 |    21 |    18 ||   157
       Invisible         |       |       |     2 |       |    88 |   101 |    85 |   127 |   103 ||   506
       Distracted        |       |       |     1 |     1 |     3 |     1 |     8 |    11 |     8 ||    33
Armor: Robe              |    11 |    11 |    14 |    21 |    69 |    94 |    90 |   135 |   118 ||   563
Dodge: Dodged            |    61 |    81 |   127 |   186 |   633 |   785 |   802 |  1306 |   725 ||  4706
Block: Buckler           |       |       |       |       |       |   223 |    41 |       |       ||   264
       Shield            |       |       |       |       |       |       |   423 |   801 |   420 ||  1644

Inventory:

Hand Weapons
 a - a +9 rapier of electrocution
 b - the +11 rapier of Purpose (weapon) {pierce, Int+2}
   (You found it on level 3 of the Depths)

   It inflicts extra damage upon your enemies.
   It affects your intelligence (+2).
Missiles
 m - 42 tomahawks (quivered)
 o - 6 throwing nets
Armour
 j - a +2 cloak of fire resistance (worn)
 t - the +0 shield "Earthly Heaven" (worn) {+Blink}
   (You found it on level 1 of the Snake Pit)

   It lets you blink.
 A - a +1 hat of see invisible (worn)
 H - a +2 helmet
 K - a +2 robe of resistance (worn)
 L - +7 shadow dragon scales
 P - the +2 pair of gloves of the Wumpus (worn) {Int+2}
   (You found it on level 1 of the Elven Halls)

   It affects your intelligence (+2).
 Q - a +0 pair of boots (worn)
 R - the +2 cloak "Rietaf" {rElec}
   (You found it on level 2 of the Depths)

   It insulates you from electricity.
Jewellery
 i - the ring of Vuife {MR+ Int+3 Dex+3}
   (You bought it in a shop in a bazaar)

   [ring of intelligence]

   It affects your intelligence (+3).
   It affects your dexterity (+3).
   It affects your resistance to hostile enchantments.
 q - an uncursed ring of positive energy
 u - an uncursed amulet of regeneration
 v - the ring of the Mage (right hand) {Wiz MR++ Int+3}
   (You took it off a vault sentinel on level 5 of the Vaults)

   [ring of wizardry]

   It improves your spell success rate.
   It affects your intelligence (+3).
   It affects your resistance to hostile enchantments.
 F - an uncursed amulet of harm
 G - an uncursed amulet of magic regeneration
 J - a +4 ring of protection
 O - a +4 ring of protection (left hand)
 Y - the ring "Toesm" {Slay+2 SInv Stlth-}
   (You found it on level 3 of the Elven Halls)

   [ring of loudness]

   It affects your accuracy and damage with ranged weapons and melee attacks
   (+2).
   It lets you see invisible.
   It makes you less stealthy.
 Z - the amulet "Heikadgh" (around neck) {Gourm Slay+2}
   (You took it off a vault sentinel on level 5 of the Vaults)

   [amulet of the gourmand]

   It allows you to eat raw meat even when not hungry.
   It affects your accuracy and damage with ranged weapons and melee attacks
   (+2).
Wands
 l - a wand of disintegration (52)
 n - a wand of digging (62)
 r - a wand of acid (39)
 B - a wand of scattershot (13)
 S - a wand of polymorph (17)
 W - a wand of iceblast (40)
Scrolls
 e - 19 scrolls of remove curse
 f - 3 scrolls of teleportation
 h - 27 scrolls of identify
 p - 6 scrolls of fog
 C - 7 scrolls of magic mapping
 M - 3 scrolls of blinking
 T - a scroll of fear
Potions
 c - 12 potions of heal wounds
 d - 26 potions of blood
 g - a potion of flight
 k - 3 potions of invisibility
 s - 3 potions of agility
 x - 2 potions of brilliance
 z - 4 potions of magic
 D - 15 potions of curing
 E - a potion of haste
 I - 2 potions of cancellation
 V - 3 potions of ambrosia
 X - a potion of mutation
Miscellaneous
 y - a phial of floods
 N - a fan of gales
 U - a lightning rod (4/4)

q.....# ##........[. q......
▓▓▓▓▓▓▓▓▓ #............ ....q..
▓▓..^....▓▓▓............q
Ld.....▓▓....%....▓▓...q.........
.......▓.....(^....▓q............
p...X..§....)..2X..p.............
.d.....▓......XXXXX▓.............
.......▓▓....XXX*X▓▓.............
....... ▓▓..XXzz@▓▓▓..^..........
....... ▓▓▓▓▓▓▓▓▓ ▓.............
......▓ ▓▓.....^....[. ....▓▓
▓▓▓.......... .▓▓▓ ▓▓▓▓...p...
▓▓▓▓▓▓▓


You could see an orb of fire, a Killer Klown, a tentacled monstrosity, a green
draconian knight, 2 death cobs, a black draconian stormcaller, 11 Orb Guardians
and a reaper.

Vanquished Creatures
  An orb of fire (Zot:1)
  2 juggernauts
  An ancient lich (Zot:5)
  Boris (Depths:5)
  Frederick (Crypt:1)
  Sojobo (Vaults:3)
  2 large abominations (Vaults:5)
  Bai Suzhen (Crypt:2)
  A Killer Klown (Zot:2)
  5 curse toes
  11 golden dragons
  Jory (Crypt:2)
  Nikola (Shoals:2)
  2 bone dragons
  An electric golem (Zot:3)
  16 tentacled monstrosities
  4 liches
  4 quicksilver dragons
  2 deep elf blademasters (Elf:3)
  9 titans
  2 deep elf master archers (Elf:3)
  6 sphinxes
  6 death cobs
  Gastronok (Lair:1)
  4 ancient champions
  Polyphemus (Shoals:2)
  5 tengu reavers
  4 draconian monks
  6 shadow dragons
  14 storm dragons
  An azure jelly (shapeshifter) (Elf:1)
  4 iron dragons
  10 deep elf sorcerers
  Ilsuiw (Shoals:4)
  9 fire giants
  10 nagarajas
  7 draconian knights
  8 frost giants
  7 ghouls
  7 draconian scorchers
  The ghost of Nico3ck the Severer, a journeyman DsGl of Gozag (Orc:2)
  8 deep elf elementalists
  18 vault wardens
  A curse skull (Crypt:3)
  A ghost moth (Zot:3)
  A reaper (Crypt:3)
  7 draconian shifters
  4 draconian stormcallers
  2 spriggan defenders (Depths:4)
  16 ironheart preservers
  3 draconian annihilators
  The ghost of Amnesiac the Transmogrifier, a journeyman FoEE of Dithmenos (D:12)
  14 very ugly things
  11 green draconians
  16 black draconians
  22 stone giants
  An entropy weaver (Vaults:4)
  6 deep elf annihilators
  4 vampire knights
  11 deep elf demonologists
  12 purple draconians
  Azrael (D:14)
  12 white draconians
  10 spark wasps
  16 yellow draconians
  10 red draconians
  A dire elephant (shapeshifter) (Vaults:5)
  4 merfolk javelineers
  9 deep elf death magi
  27 ettins
  12 fire dragons
  A blizzard demon (Depths:3)
  A quicksilver dragon zombie (Depths:2)
  2 eidola
  11 jiangshi
  17 ogre magi
  17 yaktaur captains
  Josephine (D:11)
  16 merfolk impalers
  Erolcha (D:11)
  6 rakshasas
  7 deep elf high priests
  6 great orbs of eyes
  2 hell beasts (D:11)
  9 naga warriors
  37 vault guards
  3 spriggan air magi
  5 hydras
  16 ice dragons
  4 catoblepae
  2 alligator snapping turtles (Shoals:4)
  14 anacondas
  3 merfolk aquamancers
  A merfolk avatar (Shoals:1)
  A death knight (Crypt:1)
  13 deep troll shamans
  2 satyrs
  11 centaur warriors
  A two-headed ogre (shapeshifter) (Vaults:5)
  32 dancing weapons
  8 death yaks
  19 deep troll earth magi
  7 vampire magi
  58 two-headed ogres
  A small abomination (Elf:3)
  6 tengu warriors
  Urug (D:15)
  15 hell knights
  2 spriggan berserkers
  Nergalle (Orc:1)
  Sonja (D:14)
  4 soul eaters
  12 shock serpents
  18 deep elf knights
  10 naga sharpshooters
  33 skeletal warriors
  2 shadow wraiths
  7 iron trolls
  2 salamander mystics
  16 sea snakes
  3 glowing orange brains
  3 flayed ghosts
  2 unseen horrors (Depths:1)
  A torturous demonspawn (Depths:3)
  51 deep trolls
  A ghost moth zombie (Crypt:3)
  5 naga ritualists
  23 deep elf archers
  An infernal demonspawn (Depths:3)
  4 wizards
  2 lindwurms (Volcano)
  11 necromancers
  An orange crystal statue (Depths:1)
  13 ironbrand convokers
  A golden dragon skeleton (Depths:2)
  The ghost of HEYYEYAAE the Caller, a novice DgSu (D:8)
  16 orc knights
  7 phantasmal warriors
  3 wolf spiders
  A shadow dragon zombie (Crypt:1)
  17 harpies
  54 deep elf magi
  15 cyclopes
  41 ugly things
  9 mana vipers
  An orc sorcerer (Orc:2)
  9 manticores
  13 fauns
  9 salamanders
  35 moths of wrath
  3 elephants (Lair:4)
  A sphinx skeleton (Vaults:2)
  2 elephants (shapeshifter)
  2 cyclopes (shapeshifter)
  28 black mambas
  A black mamba (shapeshifter) (Vaults:4)
  10 guardian serpents
  20 vault sentinels
  6 merfolk sirens
  A fire giant skeleton (Crypt:3)
  A guardian serpent (shapeshifter) (D:13)
  2 stone giant skeletons
  4 molten gargoyles (Volcano)
  An alligator snapping turtle zombie (Crypt:2)
  12 naga magi
  A torpor snail (shapeshifter) (D:13)
  3 torpor snails (Lair:4)
  An orange demon (D:11)
  5 gargoyles
  2 water nymphs
  20 spiny frogs
  A dire elephant skeleton (Crypt:1)
  An efreet (Volcano)
  64 yaktaurs
  A rime drake (Lair:6)
  4 komodo dragons
  A yaktaur (shapeshifter) (Vaults:1)
  A green draconian skeleton (Crypt:3)
  3 kobold demonologists
  2 tengu conjurers
  A hydra zombie (Crypt:2)
  2 red devils
  4 freezing wraiths
  A harpy zombie (D:15)
  2 human skeletons (Vaults:2)
  An ice devil (Depths:5)
  A troll (shapeshifter) (Depths:2)
  13 trolls
  4 jumping spiders (Zot:3)
  A polar bear (Lair:6)
  A meliai (shapeshifter) (Vaults:2)
  A queen ant zombie (Crypt:3)
  A queen bee (shapeshifter) (Depths:5)
  A wind drake (shapeshifter) (Vaults:5)
  6 wind drakes
  A wolf spider simulacrum (Crypt:1)
  5 tyrant leeches (Lair:6)
  26 slime creatures
  21 blink frogs
  18 merfolk
  7 hornets
  10 hippogriffs
  7 snapping turtles
  2 bog bodies
  13 dream sheep
  A frost giant simulacrum (Depths:2)
  2 ice dragon zombies
  A spriggan zombie (Depths:2)
  A hippogriff (shapeshifter) (Vaults:4)
  19 yaks
  4 flying skulls (Crypt:3)
  2 spriggans
  2 tarantellas (shapeshifter)
  7 water elementals
  14 wraiths
  2 shadows
  3 redbacks (Vaults:4)
  2 air elementals
  6 wyverns
  2 basilisks
  2 tarantellas (Zot:3)
  An ettin skeleton (Vaults:2)
  A human (shapeshifter) (D:15)
  4 fire elementals
  A neqoxec (Depths:3)
  A steam dragon (D:11)
  3 hungry ghosts
  6 vampire mosquitoes (Lair:6)
  57 nagas
  A warg (shapeshifter) (Vaults:5)
  6 wargs
  An acid dragon (shapeshifter) (Depths:4)
  3 acid dragons
  12 soldier ants (Lair:5)
  8 water moccasins
  A deep troll skeleton (Vaults:3)
  4 hell hounds (D:14)
  3 floating eyes
  A monstrous demonspawn skeleton (Crypt:2)
  A floating eye (shapeshifter) (Vaults:5)
  27 orc warriors
  4 porcupines
  A swamp drake (shapeshifter) (Vaults:5)
  2 hornet zombies
  5 sky beasts
  2 black bears
  An eye of draining (D:6)
  4 ice beasts
  9 necrophages
  57 ogres
  10 crocodiles
  11 boggarts
  18 centaurs
  A big kobold (D:13)
  A rime drake skeleton (Crypt:1)
  24 bullfrogs
  6 earth elementals
  A hippogriff skeleton (Crypt:2)
  4 scorpions
  23 killer bees
  21 wights
  3 electric eels (Snake:1)
  3 howler monkeys
  11 crimson imps
  A centaur zombie (D:10)
  3 bullfrog zombies
  3 quasits
  A human simulacrum (Vaults:3)
  14 orc priests
  5 bullfrog skeletons
  9 hounds
  19 orc wizards
  2 jellies
  6 centaur skeletons
  10 iron imps
  2 iguanas
  5 hell rats (Lair:6)
  16 worker ants
  A demigod zombie (Crypt:1)
  A demigod skeleton (Crypt:1)
  A naga skeleton (Crypt:2)
  A big kobold skeleton (Crypt:1)
  2 felid skeletons
  A hound zombie (D:6)
  4 hound skeletons
  A mummy (D:7)
  Robin (D:3)
  A swamp drake zombie (Crypt:3)
  12 gnolls
  16 adders
  A steam dragon skeleton (Crypt:1)
  5 shadow imps
  An ooze (D:6)
  2 adder zombies (Ossuary)
  2 adder skeletons
  A lava snake skeleton (Crypt:2)
  4 worms (D:2)
  A barachi zombie (Crypt:1)
  2 dart slugs
  4 leopard geckos
  63 orcs
  5 giant cockroaches
  15 goblins
  13 hobgoblins
  8 jackals
  5 quokkas
  3 ball python skeletons (Ossuary)
  A ball python zombie (Crypt:2)
  6 bats
  6 frilled lizards
  A gnoll skeleton (Crypt:2)
  A hobgoblin skeleton (Ossuary)
  14 kobolds
  2 kobold zombies (Ossuary)
  3 leopard gecko skeletons
  A leopard gecko zombie (D:7)
  2 orc zombies (Ossuary)
  A quokka zombie (D:9)
  7 rats
  2 butterflies (Lair:3)
  A crawling corpse (Elf:3)
2369 creatures vanquished.

Vanquished Creatures (collateral kills)
  A tengu reaver (Depths:5)
  2 fire giants
  A vault warden (Vaults:3)
  2 frost giants
  An ironheart preserver (Vaults:3)
  3 naga warriors
  2 ogre magi
  A skeletal warrior (Crypt:2)
  2 salamanders (Snake:3)
  A naga mage (Snake:3)
  2 ogres
  A scorpion (D:9)
  A wight (D:13)
  A jelly (D:13)
21 creatures vanquished.

Vanquished Creatures (others)
  A yaktaur captain (Vaults:2)
  A necromancer (Depths:4)
  A deep elf mage (Vaults:4)
  A faun (Shoals:2)
  A moth of wrath (Zot:4)
  A yaktaur (Depths:4)
  13 dancing weapons
  A water elemental (Elf:2)
  A ball lightning (Zot:5)
  2 bushes
  A fire vortex (Volcano)
  11 fungi (Lair:6)
  42 plants
77 creatures vanquished.

Grand Total: 2467 creatures vanquished

Vault maps used:
D:1:      minmay_arrival_stone_box
D:2:      lemuel_coloured_pillars_altar
D:3:      first_ration, trog_hazing_becter, uniq_robin
D:4:      minmay_temple_entry_overgrown, nicolae_dithmenos_the_darkroom
D:5:      basic_altar, hangedman_abyss_or_decor_stagger
D:6:      nemelex_altar_shiori, elyvilon_altar_3, serial_shops, shop_fountains,
          kennysheep_windowed_goal
D:7:      gup_ossuary_entry_pyramid
D:8:      fedhas_altar_1
D:9:      chequers_temple_overflow_statue_of_worship, david_orc_2, serial_glass,
          glass_columns_a, glass_columns_b, kennysheep_generic_room_4
D:10:     nicolae_whirlpool, the_bakery
D:11:     erik_lair_dragon, lemuel_hellish_altar, uniq_erolcha, uniq_josephine
D:12:     spider_trap
D:13:     lightli_vaults_fourway_checkpoint
D:14:     serial_park_tiny_2, uniq_azrael, uniq_sonja
D:15:     grunt_enter_depths_magical_seal, minmay_misc_feat_iff, uniq_urug
Lair:1:   uniq_gastronok
Lair:3:   elwin_shoals_entry_rocks, nicolae_volcano_entry_hallway,
          lemuel_fruit_fields
Lair:4:   dummy_snake_entry, grunt_forest_stairs_basic, serial_bayou_pond_e,
          kennysheep_snail_temple
Lair:5:   dpeg_slime_entry_enclosed_altar, minivault_29
Lair:6:   minmay_lair_end_frog_pond
Shoals:1: uniq_roxanne, uniq_frances
Shoals:2: argonaut_golden_fleece, nicolae_shoals_mertower, uniq_polyphemus,
          uniq_nikola
Shoals:4: shoals_end_grunt_ice, shoal_ilsuiw
Snake:1:  nicolae_large_snake_swirl, serial_bayou_shore_a, minmay_shop_grove
Snake:2:  serial_shops, nicolae_shop_behind_doors
Snake:3:  minmay_shoptagon
Snake:4:  grunt_snake_rune_pools, serial_bayou_shore_b, grunt_megastairs_3
Orc:1:    basic_altar, bloody_makhleb, uniq_nergalle
Orc:2:    st_orc_open
Elf:1:    minmay_the_grid_square_5x5_3x3, serial_shops, shop
Elf:2:    small_chamber_with_monster
Elf:3:    elf_hall
Vaults:1: v_misc_9, hangedman_vaults_cutoff, vaults_mumra_chevron_long,
          vaults_room_large_hall, nicolae_vaults_border_crossing,
          grunt_vaults_swirl, hangedman_vaults_stream, vaults_dpeg_hooks,
          nicolae_vaults_network_quinsquares, ontoclasm_vaults_claustrophobia,
          special_room_vaults
Vaults:2: v_misc_10, nicolae_vaults_diagonal_hallway_9,
          nicolae_vaults_triangles, hangedman_vaults_slice,
          ontoclasm_vaults_tryst, hangedman_vaults_restitches,
          grunt_vaults_hallway_long, v_alt_pattern_1, v_misc_23,
          vaults_room_semicircle, serial_shops, bzr_entry_islet
Vaults:3: v_rooms_1, hangedman_vaults_trim, v_misc_11, dpeg_vaults_monster_row,
          nicolae_vaults_three_branches, vaults_room_fours,
          minmay_crypt_entry_simple_box, basic_altar, uniq_mennas, uniq_sojobo
Vaults:4: nicolae_vaults_network_quincunx, hangedman_vaults_river_flow,
          vaults_room_fours, vaults_standard_mumra_enter_the_diamond,
          vaults_mumra_minichess_inversion, hangedman_vaults_impose, v_rooms_6,
          grunt_vaults_hallway_short, ontoclasm_vaults_gateway,
          nicolae_vaults_know_your_exits, vaults_dpeg_diagonal
Crypt:1:  uniq_frederick
Crypt:2:  minivault_24, uniq_jory, uniq_bai_suzhen
Crypt:3:  church_of_pain_bobbens, nicolae_tomb_entry_grand_gallery,
          nicolae_crypt_soggy_tomb, minivault_26, minivault_26,
          item_on_display_a
Depths:1: minmay_fountain_box, grunt_hell_entry_dis_old,
          minmay_misc_feat_columns, horrible_house_mu
Depths:2: hangedman_cross_cluster, pf_hell_entry_tar_spiral, abyss_entry,
          tso_altar
Depths:3: giant_chief_lemuel, rand_demon_pan_entry_9, hell_entry, nicolae_wwwww,
          abyss_entry_crystal, kennysheep_four_rooms,
          infiniplex_staircase_squiggle
Depths:4: grunt_crosshair, corexii_corridor_pit, hell_entry, abyss_entry,
          grunt_ministairs_9, okawaru_ov_weapons_minmay,
          minmay_staircase_statues_hall_small
Depths:5: grunt_zot_entry_pinwheel, enter_ziggurat_c, hangedman_coc_ice_floe,
          minmay_door_square, serial_shops, bzr_entry_gold, abyss_entry,
          uniq_boris
Zot:1:    grunt_zot_stairs_mandelzot
Zot:2:    grunt_twist_and_shout, basic_loot_grate_trap
Zot:3:    hangedman_zot_decor_scrapings, hangedman_spider_trapstep
Zot:5:    grunt_ministairs_10, grunt_megastairs_2
Bazaar:   bazaar_minmay_row, bazaar_minmay_generic_d
Ossuary:  ossuary_due_cavern
Volcano:  volcano_aerie


Message History

* * * LOW HITPOINT WARNING * * *
The death cob hits you!!
* * * LOW HITPOINT WARNING * * *
The orb of fire glows yellow.
Strange energies course through your body.
You feel clumsy.
Your extra speed is starting to run out.
The death cob hits you but does no damage.
The Orb Guardian hits you but does no damage.
The Orb Guardian hits you!!
* * * LOW HITPOINT WARNING * * *
The death cob barely misses you.
The Orb Guardian hits you but does no damage.
A green draconian knight comes into view.
It is wielding a battleaxe.
The death cob hits you!
* * * LOW HITPOINT WARNING * * *
The Orb Guardian hits you.
* * * LOW HITPOINT WARNING * * *
The death cob hits you!!
You die...

Notes
Turn   | Place    | Note
-------+----------+-------------------------------------------
     0 | D:1      | Serpenta the Vampire Enchanter began the quest for the Orb.
     0 | D:1      | Reached XP level 1. HP: 13/13 MP: 3/3
   466 | D:1      | Reached XP level 2. HP: 12/19 MP: 5/5
   471 | D:1      | Learned a level 2 spell: Ensorcelled Hibernation
   688 | D:1      | Reached skill level 5 in Hexes
  1392 | D:2      | Reached XP level 3. HP: 24/24 MP: 0/6
  1442 | D:2      | Reached skill level 5 in Stealth
  1883 | D:2      | Learned a level 3 spell: Confuse
  2123 | D:2      | Reached XP level 4. HP: 30/30 MP: 2/7
  2309 | D:2      | Found an ornate altar of the Wu Jian Council.
  2408 | D:3      | Found a bloodstained altar of Trog.
  2707 | D:3      | Noticed Robin
  3079 | D:3      | Killed Robin
  3217 | D:3      | Reached XP level 5. HP: 35/35 MP: 3/8
  4009 | D:4      | Reached XP level 6. HP: 34/41 MP: 1/9
  4328 | D:4      | Noticed anet's ghost (novice GnWn)
  4451 | D:4      | Learned a level 3 spell: Tukima's Dance
  4516 | D:4      | Found a shadowy altar of Dithmenos.
  4527 | D:4      | Became a worshipper of Dithmenos the Shadowed
  4682 | D:4      | Found a staircase to the Ecumenical Temple.
  4802 | D:5      | Entered Level 5 of the Dungeon
  4839 | D:5      | Reached XP level 7. HP: 46/46 MP: 10/10
  5109 | D:5      | Found a shattered altar of Ashenzari.
  5589 | D:5      | Reached XP level 8. HP: 52/52 MP: 5/11
  5592 | D:5      | Reached skill level 5 in Short Blades
  5834 | D:6      | Reached skill level 10 in Hexes
  6005 | D:6      | Noticed a gargoyle
  6014 | D:6      | Killed a gargoyle
  6014 | D:6      | Reached skill level 5 in Dodging
  6049 | D:6      | Found Vavudar's Distillery.
  6212 | D:6      | Bought a potion of might for 48 gold pieces
  6212 | D:6      | Bought a potion of haste for 120 gold pieces
  6212 | D:6      | Bought a potion of agility for 48 gold pieces
  6212 | D:6      | Bought a potion of degeneration for 12 gold pieces
  6212 | D:6      | Bought a potion of heal wounds for 60 gold pieces
  6274 | D:6      | Found a white marble altar of Elyvilon.
  6365 | D:6      | Reached * piety under Dithmenos
  6828 | D:6      | Reached XP level 9. HP: 57/57 MP: 4/12
  7068 | D:6      | Reached skill level 10 in Stealth
  7207 | D:6      | Found a sparkling altar of Nemelex Xobeh.
  7403 | D:7      | Found a sand-covered staircase.
  7410 | Ossuary  | Entered an ossuary
  7478 | Ossuary  | Reached ** piety under Dithmenos
  8272 | D:8      | Found a blossoming altar of Fedhas.
  8488 | D:8      | Reached XP level 10. HP: 63/63 MP: 11/13
  8559 | D:8      | Reached *** piety under Dithmenos
  8585 | D:8      | Noticed HEYYEYAAE's ghost (novice DgSu)
  8650 | D:8      | Killed HEYYEYAAE's ghost
  9298 | D:9      | Noticed a two-headed ogre
  9304 | D:9      | Killed a two-headed ogre
  9506 | D:9      | Reached skill level 10 in Dodging
  9543 | D:9      | Found a staircase to the Orcish Mines.
  9586 | D:9      | Found a shimmering altar of Xom.
  9627 | D:9      | Noticed a two-headed ogre
  9651 | D:9      | Killed a two-headed ogre
 10031 | D:9      | Found a deep blue altar of Sif Muna.
 10117 | D:10     | Entered Level 10 of the Dungeon
 10126 | D:10     | Reached **** piety under Dithmenos
 10184 | D:10     | Noticed a manticore
 10259 | D:10     | Got a faintly glowing rapier
 10282 | D:10     | Killed a manticore
 10287 | D:10     | Identified the +6 rapier of Lobih {pierce, rC- rN+ MR++} (You found it on level 10 of the Dungeon)
 10308 | D:10     | Reached XP level 11. HP: 68/68 MP: 10/14
 10342 | D:10     | Noticed a two-headed ogre
 10346 | D:10     | Killed a two-headed ogre
 10588 | D:10     | Noticed a two-headed ogre
 10593 | D:10     | Killed a two-headed ogre
 10741 | D:10     | Reached skill level 1 in Fighting
 10778 | D:10     | Noticed a two-headed ogre
 10785 | D:10     | Killed a two-headed ogre
 10785 | D:10     | Reached skill level 10 in Short Blades
 11104 | D:11     | Noticed a green ugly thing
 11112 | D:11     | Noticed a green ugly thing
 11119 | D:11     | Killed a green ugly thing
 11128 | D:11     | Killed a green ugly thing
 11160 | D:11     | Reached skill level 5 in Fighting
 11207 | D:11     | Found a staircase to the Lair.
 11300 | D:11     | Reached XP level 12. HP: 77/86 MP: 15/15
 11304 | D:11     | Noticed a hell beast
 11327 | D:11     | Noticed a hell beast
 11330 | D:11     | Killed a hell beast
 11330 | D:11     | Reached ***** piety under Dithmenos
 11335 | D:11     | Found a burning altar of Makhleb.
 11345 | D:11     | Noticed a two-headed ogre
 11352 | D:11     | Killed a two-headed ogre
 11510 | D:11     | Killed a hell beast
 11620 | D:11     | Noticed Erolcha
 11639 | D:11     | Killed Erolcha
 11639 | D:11     | Reached XP level 13. HP: 98/98 MP: 12/16
 11983 | D:11     | Noticed Josephine
 12207 | D:12     | Noticed Amnesiac's ghost (journeyman FoEE)
 12269 | D:12     | Learned a level 6 spell: Invisibility
 12272 | D:12     | Learned a level 2 spell: Passwall
 13623 | D:13     | Reached skill level 15 in Dodging
 13805 | D:13     | Found a gate to the Vaults.
 14512 | D:14     | Reached skill level 10 in Fighting
 14786 | D:14     | Reached skill level 15 in Stealth
 14972 | D:14     | Noticed Sonja
 14984 | D:14     | Killed Sonja
 15087 | D:15     | Entered Level 15 of the Dungeon
 15087 | D:15     | Noticed Urug
 15091 | D:15     | Killed Urug
 15094 | D:15     | Reached XP level 14. HP: 111/111 MP: 12/17
 15104 | D:15     | Reached ****** piety under Dithmenos
 16396 | Lair:1   | Entered Level 1 of the Lair of Beasts
 16575 | Lair:1   | Noticed Gastronok
 16584 | Lair:1   | Killed Gastronok
 17355 | Lair:2   | Reached skill level 1 in Earth Magic
 17722 | Lair:3   | Found a dark tunnel.
 17728 | Volcano  | Entered a volcano
 17735 | Volcano  | Reached skill level 15 in Hexes
 18351 | Lair:3   | Found a staircase to the Shoals.
 18979 | Lair:4   | Found a snail-covered altar of Cheibriados.
 19177 | Lair:4   | Found a staircase to the Snake Pit.
 19518 | Lair:5   | Reached skill level 5 in Earth Magic
 19669 | Lair:5   | Noticed an entropy weaver
 19669 | Lair:5   | Noticed an entropy weaver
 19754 | Lair:6   | Entered Level 6 of the Lair of Beasts
 19987 | Lair:6   | Reached XP level 15. HP: 117/117 MP: 21/21
 20140 | Lair:6   | Reached skill level 1 in Invocations
 21435 | Orc:1    | Entered Level 1 of the Orcish Mines
 21457 | Orc:1    | Found a shimmering altar of Xom.
 21474 | Orc:1    | Found a burning altar of Makhleb.
 21658 | Orc:1    | Noticed Nergalle
 21670 | Orc:1    | Killed Nergalle
 21916 | Orc:2    | Entered Level 2 of the Orcish Mines
 21937 | Orc:2    | Noticed Nico3ck's ghost (journeyman DsGl)
 22074 | Orc:2    | Killed Nico3ck's ghost
 22229 | Orc:2    | Found Beytutirr's Armour Emporium.
 22230 | Orc:2    | Found Mueheud's Jewellery Shop.
 22233 | Orc:2    | Reached skill level 5 in Invocations
 22418 | Orc:2    | Found Cytwub's Weapon Shoppe.
 22419 | Orc:2    | Found Iplairuev's General Store.
 22484 | Orc:2    | Bought a potion of haste for 150 gold pieces
 22484 | Orc:2    | Bought a scroll of blinking for 112 gold pieces
 22560 | Orc:2    | Found a staircase to the Elven Halls.
 23075 | Shoals:1 | Entered Level 1 of the Shoals
 23102 | Shoals:1 | Noticed Roxanne
 23190 | Shoals:1 | Noticed Frances
 23513 | Shoals:1 | Reached XP level 16. HP: 127/127 MP: 20/22
 24289 | Shoals:2 | Noticed Nikola
 24293 | Shoals:2 | Killed Nikola
 24529 | Shoals:2 | Noticed Polyphemus
 24538 | Shoals:2 | Killed Polyphemus
 25959 | Shoals:4 | Entered Level 4 of the Shoals
 25959 | Shoals:4 | Noticed Ilsuiw
 25984 | Shoals:4 | Killed Ilsuiw
 26042 | Shoals:4 | Identified the Disquisition on Summoning
 26090 | Shoals:4 | Gained mutation: You occasionally shout uncontrollably at your foes. [mutagenic glow]
 26807 | Shoals:4 | Got a barnacled rune of Zot
 26986 | Shoals:4 | Noticed a kraken
 27154 | Shoals:4 | Reached XP level 17. HP: 133/133 MP: 22/24
 27214 | Shoals:4 | Noticed a kraken
 27640 | Vaults:1 | Entered Level 1 of the Vaults
 27891 | Vaults:1 | Reached skill level 10 in Invocations
 28097 | Vaults:1 | Learned a level 5 spell: Dispel Undead
 29001 | Vaults:1 | Found a roughly hewn altar of Beogh.
 29363 | Vaults:2 | Found a flickering gateway to a bazaar.
 29381 | Bazaar   | Entered a bazaar
 29381 | Bazaar   | Found Lucowitu's Jewellery Shoppe.
 29381 | Bazaar   | Found Orchur's Magic Scroll Emporium.
 29385 | Bazaar   | Found Roufug's Weapon Shoppe.
 29399 | Bazaar   | Found Zunlix's General Store.
 29403 | Bazaar   | Bought a scroll of magic mapping for 31 gold pieces
 29403 | Bazaar   | Bought a scroll of magic mapping for 31 gold pieces
 29407 | Bazaar   | Bought a potion of heal wounds for 40 gold pieces
 29407 | Bazaar   | Bought the ring of Vuife {MR+ Int+3 Dex+3} for 276 gold pieces
 29627 | Vaults:2 | Noticed a Brimstone Fiend
 29788 | Vaults:2 | Reached XP level 18. HP: 80/140 MP: 25/25
 31565 | Vaults:3 | Noticed Sojobo
 31602 | Vaults:3 | Killed Sojobo
 33016 | Vaults:3 | Noticed Mennas
 33060 | Vaults:3 | Found a staircase to the Crypt.
 33265 | Vaults:3 | Found a shattered altar of Ashenzari.
 33378 | Vaults:4 | Reached XP level 19. HP: 146/146 MP: 16/26
 33778 | Vaults:4 | Reached skill level 5 in Spellcasting
 34630 | Vaults:4 | Lost mutation: You occasionally shout uncontrollably at your foes. [potion of mutation]
 34630 | Vaults:4 | Gained mutation: You are partially covered in thin metallic scales. (AC +2) [potion of mutation]
 34630 | Vaults:4 | Gained mutation: You evolve. [potion of mutation]
 34861 | Lair:1   | Gained mutation: You rapidly evolve. [evolution]
 34922 | Snake:1  | Entered Level 1 of the Snake Pit
 35181 | Snake:1  | Got a scorched shield
 35192 | Snake:1  | Identified the cursed +0 shield "Earthly Heaven" {+Blink} (You found it on level 1 of the Snake Pit)
 35279 | Snake:1  | Found Suichol's Jewellery Shop.
 35305 | Snake:1  | Found Muzid's Gadget Emporium.
 35320 | Snake:1  | Found Raifom's Jewellery Shop.
 35383 | Snake:1  | Reached skill level 5 in Shields
 36217 | Snake:3  | Upgraded the game from 0.22-a0-265-g0d8bc90 to 0.22-a0-266-g5fdf0d7
 36885 | Snake:3  | Found Hog Qoc's Antique Weapon Emporium.
 36885 | Snake:3  | Found Roguv's Antique Armour Shoppe.
 36885 | Snake:3  | Found Topla's Assorted Antiques.
 36887 | Snake:3  | Found Myvofac's Antique Weapon Shoppe.
 37501 | Snake:2  | Found Jusm's Distillery.
 37514 | Snake:2  | Bought a potion of resistance for 140 gold pieces
 37514 | Snake:2  | Bought a potion of curing for 42 gold pieces
 37514 | Snake:2  | Bought a potion of mutation for 112 gold pieces
 37672 | Snake:4  | Entered Level 4 of the Snake Pit
 38699 | Snake:4  | Learned a level 1 spell: Apportation
 38703 | Snake:4  | Learned a level 3 spell: Lesser Beckoning
 39012 | Snake:4  | Reached XP level 20. HP: 155/155 MP: 25/30
 39764 | Elf:1    | Entered Level 1 of the Elven Halls
 39771 | Elf:1    | Reached skill level 10 in Shields
 40185 | Elf:1    | Found Anlar's Distillery.
 40193 | Elf:1    | Bought a potion of heal wounds for 75 gold pieces
 40193 | Elf:1    | Bought a potion of might for 60 gold pieces
 40193 | Elf:1    | Bought a potion of curing for 45 gold pieces
 40484 | Elf:1    | Identified a scroll of acquirement
 40690 | Elf:1    | Got a pair of crude gloves
 40701 | Elf:1    | Identified the +2 pair of gloves of the Wumpus {Int+2} (You found it on level 1 of the Elven Halls)
 41616 | Elf:2    | Found a huge runed gate.
 41616 | Elf:2    | Found a huge runed gate.
 41616 | Elf:2    | Found a huge runed gate.
 41619 | Elf:2    | Found a huge runed gate.
 41620 | Elf:2    | Found a huge runed gate.
 42272 | Elf:2    | Reached skill level 10 in Earth Magic
 42547 | Elf:2    | Gained mutation: Your mind is acute. (Int +2) [evolution]
 42645 | Elf:3    | Entered Level 3 of the Elven Halls
 43663 | D:14     | Noticed Azrael
 43690 | D:14     | Killed Azrael
 43871 | D:15     | Found a staircase to the Depths.
 44175 | Depths:1 | Entered Level 1 of the Depths
 44594 | Depths:1 | Reached XP level 21. HP: 161/161 MP: 26/31
 44955 | Depths:1 | Found a gateway to Hell.
 45308 | Depths:1 | Got a slimy rapier {drain}
 45309 | Depths:1 | Identified the +8 rapier "Ufikup" {drain, rC++} (You took it off a boggart on level 1 of the Depths)
 45379 | Depths:1 | Reached skill level 15 in Shields
 45674 | Depths:2 | Reached skill level 1 in Evocations
 45684 | Depths:2 | Noticed a juggernaut
 45691 | Depths:2 | Killed a juggernaut
 45836 | Depths:2 | Got an ancient cloak
 45856 | Depths:1 | Identified the +2 cloak "Rietaf" {rElec} (You found it on level 2 of the Depths)
 46337 | Depths:2 | Found a one-way gate to the infinite horrors of the Abyss.
 46505 | Depths:2 | Found a glowing golden altar of the Shining One.
 46571 | Depths:2 | Gained mutation: Your magical capacity is low. (-10% MP) [evolution]
 46904 | Depths:3 | Reached skill level 5 in Evocations
 47583 | Depths:3 | Found a one-way gate leading to the halls of Pandemonium.
 47712 | Depths:3 | Reached XP level 22. HP: 172/172 MP: 29/31
 48333 | Depths:3 | Noticed a juggernaut
 48348 | Depths:3 | Killed a juggernaut
 48348 | Depths:3 | Reached skill level 10 in Spellcasting
 48371 | Depths:3 | Found the cursed +14 obsidian axe {chop, +Fly SInv *Curse}
 48376 | Depths:3 | Got a crude rapier
 48377 | Depths:3 | Identified the +11 rapier of Purpose {pierce, Int+2} (You found it on level 3 of the Depths)
 48379 | Depths:3 | Got a polished dagger
 48380 | Depths:3 | Identified the cursed +0 dagger "Xemuje" {drain, +Inv rPois rC+ MR+} (You found it on level 3 of the Depths)
 49139 | Depths:4 | Paralysed by a floating eye for 3 turns
 49149 | Depths:4 | Paralysed by a floating eye for 2 turns
 49155 | Depths:4 | Reached skill level 15 in Fighting
 50340 | Depths:4 | Lost mutation: Your magical capacity is low. (-10% MP) [evolution]
 50739 | Depths:4 | Reached skill level 15 in Short Blades
 51123 | Depths:4 | Found an iron altar of Okawaru.
 51422 | Depths:4 | Reached XP level 23. HP: 142/183 MP: 37/37
 51459 | Depths:5 | Entered Level 5 of the Depths
 51702 | Depths:5 | Noticed Boris
 51972 | Depths:5 | Found a gateway to a bazaar.
 51998 | Bazaar   | Entered a bazaar
 52066 | Bazaar   | Found Qausonurch's Magic Scroll Emporium.
 52117 | Bazaar   | Found Gipra's Jewellery Emporium.
 52153 | Bazaar   | Found Leroleog's Jewellery Boutique.
 52183 | Bazaar   | Found Gyhexai's Jewellery Emporium.
 54775 | Elf:3    | Found the +4 arc blade {discharge, rElec}
 54782 | Elf:3    | Identified Sif Muna's Reference Book on the Glacier and Evil Arts
 54784 | Elf:3    | Identified Ronedwuk's Compendium of Sinister Secrets and Good Luck
 54797 | Elf:3    | Identified the Disquisition on Flight and Companions
 54800 | Elf:3    | Got a faintly glowing platinum ring
 54802 | Elf:3    | Identified the ring "Toesm" {Slay+2 SInv Stlth-} (You found it on level 3 of the Elven Halls)
 56831 | Snake:4  | Got a serpentine rune of Zot
 57122 | D:12     | Killed Amnesiac's ghost
 57227 | D:11     | Killed Josephine
 57504 | Vaults:5 | Entered Level 5 of the Vaults
 57843 | Vaults:5 | Reached XP level 24. HP: 112/196 MP: 34/37
 58030 | Vaults:5 | Got a glittering golden amulet
 58067 | Vaults:5 | Identified the amulet "Heikadgh" {Gourm Slay+2} (You took it off a vault sentinel on level 5 of the Vaults)
 58353 | Vaults:5 | Identified the Grimoire of the Lucky Birds
 58724 | Vaults:5 | Noticed a juggernaut
 58724 | Vaults:5 | an acid blob changed into a juggernaut
 58726 | Vaults:5 | a juggernaut changed into an iron dragon
 59203 | Crypt:1  | Entered Level 1 of the Crypt
 59641 | Crypt:1  | Noticed Frederick
 59643 | Crypt:1  | Killed Frederick
 59658 | Crypt:1  | Got a brightly glowing short sword {pierce}
 59659 | Crypt:1  | Identified the +3 short sword of Joyful Slaughter {pierce, +Blink rPois Str+3} (You took it off a vampire mage on level 1 of the Crypt)
 60107 | Crypt:2  | Noticed Bai Suzhen
 60148 | Crypt:2  | Killed Bai Suzhen
 60772 | Crypt:2  | Noticed Jory
 60803 | Crypt:2  | Killed Jory
 61194 | Crypt:3  | Entered Level 3 of the Crypt
 61957 | Vaults:5 | Reached XP level 25. HP: 208/208 MP: 24/37
 63025 | Vaults:4 | Gained mutation: You are partially covered in molten scales. (AC +2) [evolution]
 63025 | Vaults:4 | Lost mutation: You rapidly evolve. [decline of evolution]
 63391 | Vaults:5 | Found Nuten's Antique Armour Shoppe.
 63402 | Vaults:5 | Got a translucent leather armour
 63403 | Vaults:5 | Identified the cursed +0 leather armour "Goace" {Str+2} (You took it off a deep elf mage on level 5 of the Vaults)
 63596 | Vaults:5 | Got a silver rune of Zot
 64550 | Vaults:5 | Found Noxi's Jewellery Boutique.
 64586 | Vaults:5 | Got a creamy pearl robe
 64587 | Vaults:5 | Identified the +1 robe of the Lizard {+Blink} (You took it off an orc on level 5 of the Vaults)
 65011 | Depths:5 | Found a gateway to a ziggurat.
 65433 | Depths:5 | Killed Boris
 65661 | Depths:5 | Found a gate to the Realm of Zot.
 65985 | Depths:5 | Got a shimmering robe
 65986 | Depths:5 | Identified the +1 robe of the Louse {rElec rF- rC++} (You found it on level 5 of the Depths)
 66061 | Zot:1    | Entered Level 1 of the Realm of Zot
 66070 | Zot:1    | Reached XP level 26. HP: 218/218 MP: 32/37
 66632 | Zot:1    | Wehk: don't you hate when you try to stay bloodless, but the auxiliary attack drains a little bit? :D
 66647 | Zot:1    | Wehk: &dump serpenta
 66674 | Zot:1    | Wehk: oh, no beem
 67112 | Zot:1    | Noticed an orb of fire
 67363 | Zot:1    | Gained mutation: Potions are less effective at restoring your health. [an orb of fire]
 67384 | Zot:1    | Gained mutation: You are clumsy. (Dex -2) [an orb of fire]
 67391 | Zot:1    | Gained mutation: Your magical capacity is low. (-10% MP) [an orb of fire]
 67426 | Zot:1    | Killed an orb of fire
 67586 | Zot:1    | Upgraded the game from 0.22-a0-266-g5fdf0d7 to 0.22-a0-268-g1cc83ef
 68975 | Zot:3    | Reached XP level 27. HP: 224/224 MP: 28/33
 70418 | Zot:5    | Entered Level 5 of the Realm of Zot
 70717 | Zot:5    | Found the +8 orange crystal plate armour {Archmagi, Int+3 Clar}
 70861 | Zot:5    | Noticed an ancient lich
 70943 | Zot:5    | Killed an ancient lich
 71004 | Zot:5    | Noticed an ancient lich
 71144 | Zot:4    | Lost mutation: You evolve. [potion of mutation]
 71144 | Zot:4    | Lost mutation: Your mind is acute. (Int +2) [potion of mutation]
 71144 | Zot:4    | Gained mutation: You occasionally shout uncontrollably at your foes. [potion of mutation]
 71144 | Zot:4    | Gained mutation: Your system is resistant to poisons. (rPois) [potion of mutation]
 71144 | Zot:4    | Gained mutation: Your muscles are strong. (Str +2) [potion of mutation]
 71145 | Zot:4    | Lost mutation: You are clumsy. (Dex -2) [potion of mutation]
 71145 | Zot:4    | Lost mutation: Your magical capacity is low. (-10% MP) [potion of mutation]
 71145 | Zot:4    | Lost mutation: You are partially covered in thin metallic scales. (AC +2) [potion of mutation]
 71145 | Zot:4    | Gained mutation: You have a pair of small horns on your head. [potion of mutation]
 71146 | Zot:4    | Lost mutation: You occasionally shout uncontrollably at your foes. [potion of mutation]
 71146 | Zot:4    | Lost mutation: Your muscles are strong. (Str +2) [potion of mutation]
 71146 | Zot:4    | Lost mutation: You are partially covered in molten scales. (AC +2) [potion of mutation]
 71146 | Zot:4    | Lost mutation: Potions are less effective at restoring your health. [potion of mutation]
 71146 | Zot:4    | Gained mutation: You expend magic power (3 MP) to strengthen your wands. [potion of mutation]
 71146 | Zot:4    | Gained mutation: You are somewhat resistant to further mutation. [potion of mutation]
 71146 | Zot:4    | Gained mutation: You are resistant to hostile enchantments. (MR+) [potion of mutation]
 72088 | Zot:5    | Noticed an orb of fire
 72101 | Zot:5    | Got the Orb of Zot
 72118 | Zot:5    | Noticed an ancient lich
 72125 | Zot:5    | Gained mutation: You are clumsy. (Dex -2) [an orb of fire]
 72126 | Zot:5    | HP: 8/221 [Orb Guardian (11)]
 72127 | Zot:5    | Mangled by a death cob
